 Dungeon Crawl Stone Soup version 0.28.0-1-gb440e238dd (webtiles) character file.

Game seed: 13080765777751249030

3230 rabbitsville the Blocker (level 9, 0/64 (81) HPs)
             Began as a Minotaur Fighter on Feb 25, 2022.
             Was a Believer of Qazlal.
             Slain by an orc knight (19 damage)
             ... in a bailey.
             The game lasted 00:38:50 (8917 turns).

rabbitsville the Blocker (Minotaur Fighter)         Turns: 8917, Time: 00:38:50

HP:   0/64 (81)     AC: 12    Str: 24    XL:     9   Next: 66%
MP:   6/8           EV:  6    Int:  5    God:    Qazlal [**....]
Gold: 314           SH: 14    Dex: 11    Spells: 8/8 levels left

rFire   + . .      SeeInvis .   a - +0 war axe
rCold   . . .      Faith    .   c - +0 buckler
rNeg    . . .      Spirit   .   y - +0 plate armour
rPois   +          Reflect  +   (helmet restricted)
rElec   .          Harm     .   (no cloak)
rCorr   .          Rampage  .   (no gloves)
Will    .....                   o - +0 pair of boots
Stlth   ..........              z - amulet of reflection
HPRegen 0.20/turn               k - ring of protection from fire
MPRegen 0.11/turn               I - ring of poison resistance

@: on berserk cooldown, slowed, heavily drained, very slow
A: horns 2, retaliatory headbutt
a: Renounce Religion, Upheaval


You were in a bailey.
You worshipped Qazlal.
Qazlal was pleased with you.
You visited 2 branches of the dungeon, and saw 8 of its levels.
You also visited: Sewer and Bailey.

You collected 418 gold pieces.
You spent 104 gold pieces at shops.

Inventory:

Hand Weapons
 a - a +0 war axe (weapon)
Missiles
 i - 15 poisoned darts (quivered)
 m - a throwing net
 A - an atropa-tipped dart
Armour
 b - a +0 scale mail
 c - a +0 buckler (worn)
 o - a +0 pair of boots (worn)
 y - a +0 plate armour (worn)
Jewellery
 k - a ring of protection from fire (left hand)
 z - an amulet of reflection (around neck)
 I - a ring of poison resistance (right hand)
Wands
 n - a wand of polymorph (4)
 s - a wand of mindburst (6)
 B - a wand of iceblast (14)
Scrolls
 d - a scroll of silence
 e - 2 scrolls of blinking {unknown}
 g - 3 scrolls of teleportation
 h - a scroll of identify
 j - a scroll of holy word {unknown}
 l - 2 scrolls of vulnerability
 p - 3 scrolls of noise {unknown}
 u - a scroll of enchant armour {unknown}
 w - 3 scrolls of magic mapping
 E - 2 scrolls of fog {unknown}
 F - a scroll of enchant weapon {unknown}
 H - a scroll of fear {unknown}
Potions
 q - 3 potions of brilliance {unknown}
 r - 3 potions of curing
 t - a potion of lignification {unknown}
 v - 3 potions of flight
 x - 2 potions of invisibility {unknown}
 C - 3 potions of attraction {unknown}
 D - a potion of degeneration {unknown}
 G - a potion of magic {unknown}
 J - a potion of haste {unknown}
 K - 2 potions of heal wounds
 L - a potion of cancellation {unknown}


   Skills:
 + Level 8.2 Fighting
 * Level 10.6 Axes
 - Level 3.6 Armour
 * Level 10.9 Shields


You had 8 spell levels left.
You didn't know any spells.
Your spell library contained the following spells:

 Spells                   Type           Power      Damage    Failure   Level
 Apportation              Tloc           0%         N/A       100%        1
 Freeze                   Ice            0%         1d3       100%        1
 Shock                    Conj/Air       0%         1d3       100%        1
 Dazzling Flash           Conj/Hex       0%         N/A       100%        3
 Frozen Ramparts          Ice            0%         1d2       100%        3
 Ignite Poison            Fire/Tmut/Pois 0%         N/A       100%        3
 Mephitic Cloud           Conj/Pois/Air  0%         N/A       100%        3
 Hailstorm                Conj/Ice       0%         3d3       100%        4
 Sticky Flame             Conj/Fire      0%         2d3       100%        4
 Alistair's Intoxication  Tmut/Pois      0%         N/A       100%        5
 Freezing Cloud           Conj/Ice/Air   0%         6-21      100%        5


Dungeon Overview and Level Annotations

Branches:
Dungeon (7/15)             Temple (1/1) D:5           Sewer (visited)
 Bailey (1/1)

Altars:
Cheibriados
Elyvilon
Fedhas
Gozag
Hepliaklqana
Kikubaaqudgha
Makhleb
Nemelex Xobeh
Okawaru
Qazlal
Ru
Sif Muna
Vehumet
Xom
Yredelemnul
Lugonu

Shops:
D:3 !

Annotations:
D:4 1 runed translucent door
D:7 2 runed translucent doors, exclusion: door


Innate Abilities, Weirdness & Mutations

You have a pair of horns on your head.
You reflexively headbutt those who attack you in melee.


Message History

You feel yourself moving faster!
You feel mighty!
The gnoll drinks a potion.
The gnoll suddenly seems more resistant.
The gnoll hits you with a +2 halberd of draining!
You feel drained. The gnoll hits you but does no damage.
You feel drained.
You barely miss the gnoll. Your headbutt misses the gnoll.
The gnoll is moderately wounded.
You slash the gnoll!
You kill the gnoll!
Qazlal accepts your kill. The gnoll hits you but does no damage.
You feel drained.
Found a ruby potion and a potion of experience.
You block the gnoll's attack. x2
The orc knight hits you from afar with a +0 halberd!
There is a broken door, spattered with blood here.
You see here a +2 halberd of draining.
You slash the gnoll! You headbutt the gnoll.
You kill the gnoll!
Qazlal accepts your kill. You block the gnoll's attack.
The gnoll hits you from afar with a +0 halberd of electrocution!
The orc knight hits you with a +0 halberd!!
* * * LOW HITPOINT WARNING * * *
The gnoll hits you with a +2 halberd of draining.
* * * LOW HITPOINT WARNING * * *
You feel drained.
Things that are here:
a +1 halberd of draining; a poisoned dart; a potion of experience You feel a strong urge to attack something.
The gnoll barely misses you. The orc knight barely misses you.
There is a broken door, spattered with blood here.
You see here a +2 halberd of draining.
You feel your anger nearly subside.
You are no longer berserk.
You are exhausted.
You feel yourself slow down.
There is an open door here.
You see here a +0 halberd of draining.
There is an open door, spattered with blood here.
You feel better.
The orc knight hits you from afar with a +0 halberd!!
You die...

##'##'##'###'##'##'##
#)###.###.#)###)###)#
#)# ### ##### ### ###
#.###)###.#g# .#
##'##'##'###'##'##+
##.....## #..!.!#
###.....# ##.!.!.#
#)'..⌠..+ '..⌠.!+
###...@○# #g!.!.#
##..§..## ##)g!.!#
##'##'##o###)##+##'#
#.###)###gg.## ###
### #####


You could see an orc knight and 2 gnolls.

Vanquished Creatures
  A fire bat (D:4)
  2 steam dragons
  Edmund (D:6)
  A sky beast (D:7)
  An orc warrior (D:3)
  4 ogres
  A necrophage (D:6)
  A black bear (D:7)
  A wyvern zombie (D:6)
  2 bullfrogs (D:6)
  A jelly (D:7)
  2 water moccasin zombies
  3 scorpions
  A water moccasin skeleton (D:5)
  A wight (D:6)
  2 centaur zombies
  4 hounds
  A gnoll shaman (D:6)
  3 orc priests
  A bullfrog skeleton (D:5)
  3 iguanas
  Ijyb (D:3)
  Terence (D:2)
  A merfolk siren (Sewer)
  3 orc wizards (D:4)
  A merfolk avatar (Sewer)
  A howler monkey zombie (D:5)
  18 gnolls
  16 adders
  2 river rats
  4 worms
  A dart slug (D:3)
  15 orcs
  6 endoplasms
  6 giant cockroaches
  15 goblins
  10 hobgoblins
  6 jackals (D:3)
  6 quokkas
  12 ball pythons
  4 bats
  7 frilled lizards
  A jackal skeleton (D:4)
  6 kobolds
  32 rats
  9 bushes (D:4)
221 creatures vanquished.

Vanquished Creatures (others)
  A human (D:3)
  A centaur zombie (D:6)
  4 fungi (D:5)
  8 plants
14 creatures vanquished.

Grand Total: 235 creatures vanquished

Notes
Turn   | Place    | Note
-------+----------+-------------------------------------------
     0 | D:1      | rabbitsville the Minotaur Fighter began the quest for the
                  | Orb.
     0 | D:1      | Reached XP level 1. HP: 19/19 MP: 0/0
   339 | D:1      | Found a faded altar of an unknown god.
   384 | D:1      | Reached XP level 2. HP: 21/27 MP: 1/1
   845 | D:2      | Got Tuadwy's Tome of Arcane Weapons
   896 | D:1      | Reached XP level 3. HP: 31/33 MP: 2/2
  1188 | D:2      | Reached XP level 4. HP: 40/40 MP: 3/3
  1200 | D:2      | Reached skill level 5 in Shields
  1584 | D:2      | Noticed Terence
  1690 | D:2      | Killed Terence
  1691 | D:2      | Reached XP level 5. HP: 29/47 MP: 4/4
  2210 | D:3      | Found an ancient bone altar of Kikubaaqudgha.
  2214 | D:3      | Noticed a human
  2216 | D:3      | Killed a human
  2391 | D:3      | Found Aghudi's Distillery.
  2397 | D:3      | Bought a potion of curing for 39 gold pieces
  2397 | D:3      | Bought a potion of heal wounds for 65 gold pieces
  2443 | D:3      | Noticed Ijyb
  2452 | D:3      | Killed Ijyb
  2846 | D:4      | Noticed an orc warrior
  2855 | D:3      | Reached skill level 5 in Axes
  2855 | D:3      | Reached XP level 6. HP: 50/55 MP: 5/5
  2889 | D:4      | Found a runed translucent door.
  2889 | D:4      | Noticed a human
  2895 | D:4      | Found a basalt altar of Yredelemnul.
  3036 | D:4      | Noticed a sky beast
  3151 | D:4      | Noticed a fire bat
  3151 | D:4      | a sky beast changed into a fire bat
  3154 | D:4      | Killed a fire bat
  3155 | D:4      | Reached skill level 5 in Fighting
  3204 | D:5      | Entered Level 5 of the Dungeon
  3360 | D:5      | Reached XP level 7. HP: 54/61 MP: 6/6
  3403 | D:5      | Found a blossoming altar of Fedhas.
  3413 | D:5      | Found a stormy altar of Qazlal.
  3426 | D:5      | Became a worshipper of Qazlal Stormbringer
  4307 | D:4      | Reached XP level 8. HP: 66/70 MP: 7/7
  4441 | D:4      | Found a hazy altar of Hepliaklqana.
  4607 | D:4      | Found a snail-covered altar of Cheibriados.
  5629 | D:5      | Found a staircase to the Ecumenical Temple.
  5677 | Temple   | Entered the Ecumenical Temple
  6219 | D:6      | Noticed Edmund
  6236 | D:6      | Killed Edmund
  6294 | D:6      | HP: 2/71 [wight (8)]
  6382 | D:6      | Found a glowing drain.
  6396 | Sewer    | Entered a sewer
  6630 | Sewer    | Reached * piety under Qazlal
  7240 | D:6      | Reached ** piety under Qazlal
  7241 | D:6      | Reached XP level 9. HP: 79/79 MP: 8/8
  7522 | D:6      | Reached skill level 10 in Shields
  7834 | D:7      | Reached skill level 10 in Axes
  7891 | D:7      | Found a runed translucent door.
  7892 | D:7      | Found a runed translucent door.
  7892 | D:7      | Noticed a six-headed hydra
  8263 | D:7      | Found a flagged portal.
  8276 | Bailey   | Entered a bailey
  8895 | Bailey   | Noticed an orc knight
  8917 | Bailey   | Slain by an orc knight

Illustrated notes

Levels and vault maps discovered:
D:1:      dpeg_arrival_long_road, layout_basic,
          ebering_ecumenical_altar_abandoned, serial_bayou_crossing
D:2:      layout_rooms, minmay_tall_x, uniq_terence
D:3:      layout_basic, tgw_kikubaaqudgha, serial_shops, shop, st_stairs_5,
          uniq_ijyb
D:4:      layout_cave_pods, mainiacjoe_overflow_alcove_4, dk_yredelemnul_ordeal,
          nicolae_hepliaklqana_hippocampus
D:5:      layout_basic, grunt_temple_overflow_forces_of_nature,
          minmay_temple_entry_arrows, minmay_misc_feat_cross, grunt_decor_cap
D:6:      layout_loops_ring, cheibrodos_sewer_entry_sluice, st_stairs_1,
          uniq_edmund
D:7:      minmay_the_grid_triangle_9x9_rhombus_full
          [minmay_the_grid_triangle_9x9_thin_v,
          minmay_the_grid_triangle_9x9_intruding_spiral,
          minmay_the_grid_triangle_9x9_corruption,
          minmay_the_grid_triangle_9x9_tough_junction,
          minmay_the_grid_triangle_9x9_corrupted_corridor,
          minmay_the_grid_triangle_9x9_zippers_vertical,
          minmay_the_grid_triangle_9x9_negative_grid,
          minmay_the_grid_triangle_9x9_prize_special], layout_cave_pools,
          nicolae_tso_besieged_by_evil, nicolae_uskayaw_dance_hall,
          mainiacjoe_overflow_large_starburst, enter_bailey_4, uniq_joseph
Temple:   corrupted_temple
Bailey:   bailey_polearm_nasty_gnolls, bailey

Skill      XL: |  1  2  3  4  5  6  7  8  9 |
---------------+----------------------------+-----
Shields        | 4 5 6 7 9 10 | 10.9
Axes           | 3 4 5 6 7 9 10 | 10.6
Fighting       | 4 5 6 7 8 |  8.2
Armour         | |  3.6

Action                   |  1- 3 |  4- 6 |  7- 9 || total
-------------------------+-------+-------+-------++-------
Melee: War axe           |    76 |   107 |   584 ||   767
       Headbutt          |    12 |    16 |   147 ||   175
Throw: Dart              |     1 |       |     8 ||     9
       Throwing net      |       |     1 |       ||     1
Invok: Upheaval          |       |       |     1 ||     1
Evoke: Wand              |       |     1 |     1 ||     2
  Use: Potion            |       |     2 |     7 ||     9
       Scroll            |       |     1 |     3 ||     4
Armor: Scale mail        |    30 |    43 |    14 ||    87
       Skin              |       |     3 |       ||     3
       Plate armour      |       |       |   143 ||   143
Dodge: Dodged            |    36 |    49 |    90 ||   175
Block: Buckler           |    16 |    18 |   147 ||   181
